 Dungeon Crawl Stone Soup version 0.31.0-12-g77e489cdc1 (webtiles) character file.

Game seed: 8829463212318345272

25981 KKCryptic the Grappler (level 12, -1/91 HPs)
             Began as a Demonspawn Shapeshifter on Feb 10, 2024.
             Was an Elder of Qazlal.
             Slain by a freezing wraith (2 damage)
             ... on level 11 of the Dungeon on Feb 12, 2024.
             The game lasted 01:14:47 (13036 turns).

KKCryptic the Grappler (Demonspawn Shapeshifter)   Turns: 13036, Time: 01:14:48

Health: -1/91      AC:  0    Str: 17    XL:     12   Next: 94%
Magic:  17/17      EV: 14    Int: 12    God:    Qazlal [****..]
Gold:   707        SH:  0    Dex: 14    Spells: 2/11 levels left

rFire   . .          .
                       - Unarmed
rCold   + + .        (no shield)
rNeg    . . .        n - melded +5 robe of Night {Dark Will+ SInv}
rPois   .            (helmet restricted)
rElec   .            N - scarf {rC+ rF+}
rCorr   .            (no gloves)
SInv    .            (no boots)
Will    .....        a - amulet of regeneration
Stlth   +            y - ring of wizardry
HPRegen 1.15/turn    M - ring of ice
MPRegen 0.15/turn

%: repel missiles, wizardry (x1)
@: confused, confusing by touch, maw-form, ambrosia-drunk, slowed, very slow
A: devouring maw, antennae 2, claws 2, hooves 2, powered by death 1, spiny 2
a: Begin Untransformation, Renounce Religion, Upheaval, Elemental Force


You were on level 11 of the Dungeon.
You worshipped Qazlal.
Qazlal was greatly pleased with you.
You were a creature with a mouth for a stomach.
You visited 2 branches of the dungeon, and saw 12 of its levels.
You also visited: Sewer, Ossuary and Bailey.

You collected 707 gold pieces.

Inventory:

Hand Weapons
 t - the +5 long sword of the Endless Wonders {freeze, rPois Int+3}
   (You found it in a bailey)

   Int+3:     It affects your intelligence (+3).
   rPois:     It protects you from poison
Missiles
 b - 4 darts of dispersal
 g - a throwing net
 i - 8 javelins
 o - 46 poisoned darts (quivered)
 w - 3 boomerangs
Armour
 j - a +2 cloak
 n - the +5 robe of Night (melded) {Dark Will+ SInv}
   (You found it on level 2 of the Dungeon)

   Dark:      It shrouds the wearer in darkness, reducing the range at which
   they can see and be seen by others.
   Will+:     It increases your willpower.
   SInv:      It lets you see invisible.
 q - a +2 scale mail of poison resistance
 N - a scarf of resistance (worn)
Jewellery
 a - an amulet of regeneration (around neck)
 y - a ring of wizardry (left claw)
 A - a ring of see invisible
 B - an amulet of the acrobat
 F - a ring of magical power
 G - the ring of Puont {Ice *Slow +Blink Dex+5}
   (You found it on level 8 of the Dungeon)

   [ring of ice]

   Ice:       It enhances your ice magic.
   Dex+5:     It affects your dexterity (+5).
   rF-:       It makes you vulnerable to fire.
   rC+:       It protects you from cold.
   +Blink:    It lets you blink.
   *Slow:     It may slow you when you take damage.
 J - a ring of fire
 M - a ring of ice (right claw)
Talismans
 c - a beast talisman
 d - a flux talisman
 O - a maw talisman (active)
Wands
 h - a wand of flame (19)
 D - a wand of digging (5)
 H - a wand of mindburst (8)
 L - a wand of roots (5)
Scrolls
 e - 3 scrolls of vulnerability
 m - 4 scrolls of teleportation
 p - 3 scrolls of enchant armour
 s - 3 scrolls of fog
 x - a scroll of enchant weapon
Potions
 f - 4 potions of curing
 k - 2 potions of magic
 l - 6 potions of enlightenment
 r - a potion of haste
 u - a potion of resistance
 v - a potion of might
 C - 4 potions of attraction
 E - 2 potions of lignification
 I - a potion of degeneration {unknown}
 K - a potion of ambrosia


   Skills:
 - Level 7.3 Fighting
 - Level 6.1 Dodging
 + Level 11.1 Unarmed Combat
 - Level 9.0 Hexes
 - Level 7.4 Invocations
 + Level 10.2 Shapeshifting


You had 2 spell levels left.
You knew the following spells:

 Your Spells              Type           Power      Damage    Failure   Level
a - Confusing Touch       Hex            21%        N/A       1%          3
b - Dazzling Flash        Conj/Hex       20%        N/A       6%          3
c - Sigil of Binding      Hex            21%        N/A       1%          3

Your spell library contained the following spells:

 Spells                   Type           Power      Damage    Failure   Level
 Freeze                   Ice            0%         1d3       13%         1
 Kiss of Death            Conj/Necr      0%         2d5       13%         1
 Summon Small Mammal      Summ           0%         N/A       13%         1
 Mercury Vapours          Alch/Air       0%         N/A       21%         2
 Momentum Strike          Conj/Tloc      0%         3d8       21%         2
 Inner Flame              Hex/Fire       10%        N/A       6%          3
 Anguish                  Hex/Necr       5%         N/A       21%         4
 Call Canine Familiar     Summ           0%         N/A       36%         3
 Frozen Ramparts          Ice            0%         1d1       36%         3
 Hailstorm                Conj/Ice       0%         3d5       36%         3
 Metabolic Englaciation   Hex/Ice        8%         N/A       47%         5
 Dispel Undead            Necr           0%         3d6       75%         4
 Fulminant Prism          Conj/Alch      0%         3d5       75%         4
 Iskenderun's Mystic Bla  Conj/Tloc      0%         2d3       75%         4
 Leda's Liquefaction      Alch/Erth      0%         N/A       75%         4
 Petrify                  Alch/Erth      0%         N/A       75%         4
 Summon Blazeheart Golem  Fire/Summ      0%         N/A       75%         4
 Alistair's Intoxication  Alch           0%         N/A       97%         5
 Summon Forest            Summ/Tloc      0%         N/A       97%         5
 Disjunction              Tloc           0%         N/A       100%        8


Dungeon Overview and Level Annotations

Branches:
Dungeon (11/15)            Temple (1/1) D:5            Lair (0/5) D:8
  Sewer (visited)         Ossuary (visited)          Bailey (visited)
    Orc: D:9-12

Altars:
Ashenzari
Cheibriados
Dithmenos
Fedhas
Gozag
Hepliaklqana
Kikubaaqudgha
Makhleb
Nemelex Xobeh
Okawaru
Qazlal
Ru
Sif Muna
Trog
Uskayaw
Vehumet
Wu Jian
Xom
Yredelemnul

Shops:
D:6 :   D:7 (:([   D:8 (*[   D:9 [

Annotations:
D:8 Dig here
D:11 TheBioAlchemist's ghost, journeyman SpEn


Innate Abilities, Weirdness & Mutations

You are a creature with a mouth for a stomach.
Your midsection houses a second, enormous mouth.
You have a pair of antennae on your head.
You have very sharp fingernails.
You have hoof-like feet.
You regenerate a little health from kills.
You are mostly covered in sharp spines.


Message History

The freezing wraith hits you.
* * * LOW HITPOINT WARNING * * *
The freezing wraith freezes you. You resist.
* * * LOW HITPOINT WARNING * * *
You block the freezing wraith's attack.
The freezing wraith is struck by your spines.
The freezing wraith misses you.
The freezing wraith completely misses you.
Okay, then.
You feel much better.
TheBioAlchemist's ghost is engulfed in freezing vapours.
TheBioAlchemist's ghost closely misses you.
You block the freezing wraith's attack. The freezing wraith hits you!
* * * LOW HITPOINT WARNING * * *
The freezing wraith is struck by your spines.
The freezing wraith hits you.
* * * LOW HITPOINT WARNING * * *
The freezing wraith freezes you. You resist.
* * * LOW HITPOINT WARNING * * *
The freezing wraith hits you.
* * * LOW HITPOINT WARNING * * *
The freezing wraith drains your vigour!
You feel as though you will be slow longer.
The freezing wraith hits you.
* * * LOW HITPOINT WARNING * * *
The freezing wraith freezes you. You resist.
* * * LOW HITPOINT WARNING * * *
The freezing wraith barely misses you.
Unknown command.
Okay, then.
You are confused.
You feel invigorated. TheBioAlchemist's ghost hits you.
* * * LOW HITPOINT WARNING * * *
The freezing wraith is struck by your spines.
The freezing wraith hits you.
* * * LOW HITPOINT WARNING * * *
The freezing wraith freezes you. You resist.
* * * LOW HITPOINT WARNING * * *
The freezing wraith hits you.
You die...

#..........#..# #.#...#.....#
#....##....'#########...#.....#
####+##....##..8.8..#...'.....#
#..........###.$!$.##...#.....#
#....####'###.......#.#'#.....#
#....#......##.....##.#.......#
######.###<.#.○°.○..#.#.......#
.......###..###WWW###[#.......#
.##............☼WW○...#.......#
.##.............○.....#.......#
.................#☼...#.......#
......####'#.....+....#.......#
......#....#.....######.......#
.<....#....############'#.....#
......'....# #.....#.##..#
......#....# #.....#.##..#
......#....# #.....#.##..#


You could see 3 freezing wraiths and TheBioAlchemist's ghost.

Vanquished Creatures
  Fannar (D:11)
  Erica (D:9)
  A centaur warrior (D:9)
  3 two-headed ogres
  Pikel (D:8)
  2 orc knights (Bailey)
  A cyclops (D:11)
  A manticore (D:11)
  Maggie (D:8)
  2 unseen horrors (D:11)
  Jeremiah (D:6)
  3 kobold demonologists
  A troll (D:10)
  Grinder (D:6)
  Sigmund (D:2)
  2 wyverns
  2 vampires
  2 wraiths
  A shadow (D:11)
  4 yaks (D:11)
  2 steam dragons (D:8)
  Grum (D:8)
  4 water moccasins
  13 orc warriors
  The ghost of TheBioAlchemist the Grasshopper, an amateur OnWr (D:3)
  2 sky beasts (D:6)
  2 black bears
  6 centaurs
  4 ogres
  3 wolves (D:8)
  2 crocodiles (Sewer)
  2 lemures (D:8)
  5 phantoms
  The ghost of Hsik the Insei, an amateur OpSh (D:4)
  3 kobold brigands
  3 elf zombies (Ossuary)
  Blork the orc (D:4)
  6 bullfrogs
  A gnoll sergeant (D:8)
  3 scorpions
  8 wights (D:6)
  9 killer bees
  9 howler monkeys
  5 electric eels (Bailey)
  A crimson imp (D:3)
  A bombardier beetle (D:4)
  4 centaur zombies (Ossuary)
  2 quasits (D:7)
  2 jellies
  3 human zombies (Ossuary)
  9 orc priests
  A gnoll bouda (D:5)
  3 hounds
  A sleepcap (D:5)
  Crazy Yiuf (D:4)
  3 iguanas (D:6)
  14 orc wizards
  A sickly merfolk siren (Sewer)
  A malarious merfolk avatar (Sewer)
  A crocodile zombie (Ossuary)
  3 mummies (Ossuary)
  Robin (D:2)
  6 gnolls
  3 river rats
  7 adders
  5 shadow imps (D:7)
  3 white imps
  5 ufetubi
  A ribbon worm (D:3)
  A dart slug (D:4)
  41 orcs
  6 bats
  8 endoplasms
  9 giant cockroaches
  19 goblins
  16 hobgoblins
  6 jackals (D:3)
  25 kobolds
  10 quokkas
  13 ball pythons
  7 frilled lizards
  24 rats
395 creatures vanquished.

Notes
Turn   | Place    | Note
-------+----------+-------------------------------------------
     0 | D:1      | KKCryptic the Demonspawn Shapeshifter began the quest for
                  | the Orb.
     0 | D:1      | Reached XP level 1. HP: 15/15 MP: 1/1
   207 | D:1      | Reached skill level 3 in Unarmed Combat
   207 | D:1      | Gained mutation: You regenerate a little health from kills.
                  | [demonic ancestry]
   207 | D:1      | Reached XP level 2. HP: 19/21 MP: 2/2
  1000 | D:2      | Found the +5 robe of Night {Dark Will+ SInv}
  1043 | D:2      | Noticed Sigmund
  1065 | D:2      | Killed Sigmund
  1066 | D:2      | Reached skill level 4 in Unarmed Combat
  1066 | D:2      | Discovered your monstrous ancestry.
  1066 | D:2      | Gained mutation: You have sharp fingernails. [demonic
                  | ancestry]
  1066 | D:2      | Reached XP level 3. HP: 3/26 MP: 3/3
  1066 | D:2      | Gained mutation: You have a pair of small antennae on your
                  | head. [demonic ancestry]
  1066 | D:2      | Reached XP level 4. HP: 4/32 MP: 4/4
  1066 | D:2      | Gained mutation: You have large cloven feet. [demonic
                  | ancestry]
  1066 | D:2      | Reached XP level 5. HP: 5/37 MP: 5/5
  1447 | D:2      | Noticed Robin
  1469 | D:2      | Killed Robin
  1888 | D:3      | Found a faded altar of an unknown god.
  2150 | D:3      | Gained mutation: You have a pair of antennae on your head.
                  | [demonic ancestry]
  2150 | D:3      | Reached XP level 6. HP: 43/43 MP: 6/6
  2189 | D:3      | Reached skill level 1 in Hexes
  2204 | D:3      | Found a runed translucent door.
  2426 | D:3      | Found a runed translucent door.
  2439 | D:3      | Noticed TheBioAlchemist's ghost (amateur OnWr)
  2456 | D:3      | Killed TheBioAlchemist's ghost
  2462 | D:3      | Reached skill level 5 in Unarmed Combat
  2577 | D:3      | Found a shimmering altar of Xom.
  2578 | D:3      | Found a burning altar of Makhleb.
  2814 | D:4      | Reached XP level 7. HP: 45/48 MP: 7/7
  2818 | D:4      | Learned a level 3 spell: Confusing Touch
  2824 | D:4      | Noticed Blork the orc
  2841 | D:4      | Killed Blork the orc
  2923 | D:4      | Found a large runed translucent door.
  2923 | D:4      | Found a large runed translucent door.
  2941 | D:4      | Found a large runed translucent door.
  2941 | D:4      | Found a large runed translucent door.
  2960 | D:4      | Reached skill level 5 in Shapeshifting
  3130 | D:4      | Found a transporter.
  3130 | D:4      | Found a transporter.
  3131 | D:4      | Noticed Hsik's ghost (amateur OpSh)
  3132 | D:4      | Identified the +8 giant club of Patience {vamp, rElec rF+++
                  | rC- rCorr}
  3216 | D:4      | Killed Hsik's ghost
  3259 | D:4      | Gained mutation: You are partially covered in sharp spines.
                  | [demonic ancestry]
  3259 | D:4      | Reached XP level 8. HP: 30/54 MP: 8/8
  3608 | D:4      | Found a runed translucent door.
  3610 | D:4      | Noticed Crazy Yiuf
  3614 | D:4      | Killed Crazy Yiuf
  3815 | D:4      | Reached skill level 5 in Hexes
  3980 | D:5      | Entered Level 5 of the Dungeon
  4028 | D:5      | Found a glowing drain.
  4047 | Sewer    | Entered a sewer
  4090 | Sewer    | Reached skill level 6 in Unarmed Combat
  4892 | D:5      | Gained mutation: You have hoof-like feet. [demonic
                  | ancestry]
  4892 | D:5      | Reached XP level 9. HP: 57/59 MP: 9/9
  5148 | D:5      | Found a staircase to the Ecumenical Temple.
  5159 | Temple   | Entered the Ecumenical Temple
  5187 | Temple   | Became a worshipper of Qazlal Stormbringer
  5415 | D:6      | Found a hide-covered altar of Uskayaw.
  5678 | D:6      | Noticed Grinder
  5693 | D:6      | Reached skill level 7 in Unarmed Combat
  5697 | D:6      | Killed Grinder
  5970 | D:6      | Noticed Jeremiah
  5986 | D:6      | Killed Jeremiah
  6177 | D:6      | Found Icroqaof's Vocational Training.
  6253 | D:7      | Reached * piety under Qazlal
  6303 | D:7      | Gained mutation: You are mostly covered in sharp spines.
                  | [demonic ancestry]
  6303 | D:7      | Reached XP level 10. HP: 40/65 MP: 10/10
  6356 | D:7      | Found Useeq's Armour Emporium.
  6452 | D:7      | Found a sand-covered staircase.
  6459 | Ossuary  | Entered an ossuary
  6648 | D:7      | Reached skill level 8 in Unarmed Combat
  6649 | D:7      | Reached ** piety under Qazlal
  6653 | D:7      | Found Ziantat's Weapon Shop.
  6826 | D:7      | Found Hezoock's Weapon Shoppe.
  6854 | D:7      | Found Jenul's Book Shoppe.
  6898 | D:7      | Got Toegikil's Opusculum on the Volatile Evil Eye
  6903 | D:7      | Learned a level 3 spell: Dazzling Flash
  6907 | D:7      | Learned a level 3 spell: Sigil of Binding
  7333 | D:8      | Found Iheodi's Assorted Antiques.
  7383 | D:8      | Noticed a two-headed ogre
  7391 | D:8      | Killed a two-headed ogre
  7439 | D:8      | Reached skill level 5 in Dodging
  7462 | D:8      | Found a shimmering blue altar of Sif Muna.
  7467 | D:8      | Found a broken altar of Ashenzari.
  7607 | D:8      | Noticed Maggie
  7615 | D:8      | Killed Maggie
  7651 | D:8      | Found an opulent altar of Gozag.
  7712 | D:8      | Found a staircase to the Lair.
  7721 | D:8      | Noticed Pikel
  7731 | D:8      | Killed Pikel
  7751 | D:8      | Reached *** piety under Qazlal
  7757 | D:8      | Noticed Grum
  7776 | D:8      | Found Mavaxuff's Weapon Shoppe.
  7780 | D:8      | Killed Grum
  7781 | D:8      | Reached XP level 11. HP: 59/72 MP: 5/11
  8164 | D:8      | Found Mallusep's Antique Armour Emporium.
  8518 | D:8      | Reached skill level 5 in Fighting
  8518 | D:8      | Reached skill level 10 in Unarmed Combat
  8518 | D:8      | Gained mutation: You have very sharp fingernails. [demonic
                  | ancestry]
  8518 | D:8      | Reached XP level 12. HP: 87/87 MP: 12/12
  8900 | D:9      | Found Turambar's Dragon-Slaying Spoils.
  8925 | D:9      | Noticed a centaur warrior
  8934 | D:9      | Killed a centaur warrior
  8976 | D:9      | Found a flagged portal.
  8986 | Bailey   | Entered a bailey
  9165 | Bailey   | Reached **** piety under Qazlal
  9449 | Bailey   | Acquired the Annotations on Correspondence
  9517 | Bailey   | Found an iron altar of Okawaru.
  9539 | Bailey   | Identified the +5 long sword of the Endless Wonders
                  | {freeze, rPois Int+3}
  9567 | Bailey   | Got the Papyrus of Metamorphic Snow
  9933 | D:9      | Reached skill level 1 in Invocations
 10108 | D:9      | Noticed Erica
 10115 | D:9      | Killed Erica
 10340 | D:9      | Upgraded the game from 0.31.0-11-ge490571c62 to
                  | 0.31.0-12-g77e489cdc1
 10344 | D:10     | Entered Level 10 of the Dungeon
 10539 | D:8      | Identified the +1 scale mail of the Threshing Gods {Harm}
 10547 | D:8      | Identified the ring of Puont {Ice *Slow +Blink Dex+5}
 11519 | D:11     | Noticed a two-headed ogre
 11533 | D:11     | Killed a two-headed ogre
 11607 | D:11     | Noticed a two-headed ogre
 11628 | D:11     | Killed a two-headed ogre
 11629 | D:11     | Reached skill level 5 in Invocations
 11629 | D:11     | Reached skill level 10 in Shapeshifting
 11756 | D:11     | Found a runed translucent gate.
 11757 | D:11     | Found a runed translucent gate.
 11758 | D:11     | Found a runed translucent gate.
 11829 | D:11     | Identified the +0 robe "Deweam" {rC+}
 12094 | D:11     | Noticed Fannar
 12106 | D:11     | Killed Fannar
 12107 | D:11     | Reached skill level 11 in Unarmed Combat
 13023 | D:11     | Noticed TheBioAlchemist's ghost (journeyman SpEn)
 13035 | D:11     | HP: 4/91 [freezing wraith (6)]
 13035 | D:11     | HP: 1/91 [freezing wraith (3)]
 13036 | D:11     | Slain by a freezing wraith

Illustrated notes

Levels and vault maps discovered:
D:1:      eino_arrival_cavern_b, layout_loops_ring
D:2:      layout_basic, grunt_ministairs_15, corner_web_ring, uniq_sigmund,
          uniq_robin
D:3:      layout_loops_cross, grunt_temple_overflow_champion_of_chaos,
          ebering_ghost_sewer_f, basic_ecumenical_altar
D:4:      layout_basic, gammafunk_ghost_smash, grunt_ministairs_14,
          minmay_hollow_rounded_squares, uniq_crazy_yiuf_cottage,
          uniq_blork_the_orc
D:5:      layout_loops_ring, minmay_temple_entry_overgrown, portal_sewer_entry_f
D:6:      layout_gridville, eat_drink_and_be_merry_uskayaw, kennysheep_nub,
          nicolae_shop_vocational, uniq_jeremiah, uniq_grinder
D:7:      layout_cave_pods, serial_demonic, serial_demonic_c, serial_demonic_e,
          serial_demonic_g, serial_demonic_a, serial_demonic_f,
          serial_demonic_a, serial_demonic_e, serial_demonic_d,
          serial_demonic_e, serial_demonic_f, enter_ossuary_5, serial_shops,
          nicolae_shop_window_shopping, shop, shop, shop
D:8:      kennysheep_steamy, layout_basic, lemuel_crystal_altar,
          grunt_temple_overflow_open, serial_shops, shop, shop, shop,
          minivault_21, minmay_misc_feat_more_columns, uniq_maggie, uniq_grum,
          uniq_pikel
D:9:      layout_long_grid, enter_bailey_2, nicolae_shop_dragon_depot,
          uniq_erica
D:10:     layout_stronghold
D:11:     layout_stronghold, gammafunk_ghost_spectres, uniq_fannar
Temple:   nicolae_temple_bog_church

Skill      XL: |  1  2  3  4  5  6  7  8  9 10 11 12 |
---------------+-------------------------------------+-----
Unarmed Combat | 3 4 5 6 7 8 10 11 | 11.1
Shapeshifting  | 4 5 6 7 8 9 10 | 10.2
Hexes          | 3 4 7 9 |  9.0
Dodging        | 2 6 |  6.1
Fighting       | 2 5 7 |  7.3
Invocations    | 7 |  7.4

Action                     |  1- 3 |  4- 6 |  7- 9 | 10-12 || total
---------------------------+-------+-------+-------+-------++-------
  Melee: Unarmed           |    87 |   119 |   278 |   436 ||   920
         Kick              |       |    26 |    79 |   153 ||   258
         Punch             |       |     4 |     9 |    32 ||    45
  Throw: Stone             |     4 |     8 |       |       ||    12
         Javelin           |     2 |    14 |     6 |       ||    22
         Dart              |       |       |    10 |    22 ||    32
   Cast: Confusing Touch   |       |       |     1 |     8 ||     9
         Dazzling Flash    |       |       |       |     3 ||     3
Ability: Begin Untransform |       |       |       |     1 ||     1
  Evoke: Wand              |       |       |     6 |     4 ||    10
    Use: Potion            |     1 |     1 |     5 |     8 ||    15
         Scroll            |       |     9 |     5 |    12 ||    26
   Stab: Sleeping          |       |       |     5 |       ||     5
         Confused          |       |       |       |     2 ||     2
         Distracted        |       |       |       |     1 ||     1
 Armour: Animal skin       |    30 |       |       |       ||    30
         Plate armour      |    13 |       |       |       ||    13
         Skin              |     4 |     3 |       |    17 ||    24
         Robe              |     2 |    52 |   164 |   223 ||   441
  Dodge: Dodged            |    45 |    54 |   125 |   225 ||   449
         Repelled          |       |       |       |     3 ||     3
  Block: Other             |       |       |       |    61 ||    61
   Form: Beast             |       |       |       |     1 ||     1
         Maw               |       |       |       |     1 ||     1
         Flux              |       |       |       |     1 ||     1
